 Dungeon Crawl Stone Soup version 0.26-a0-682-g294304f6e8 (webtiles) character file.

Game seed: 1698793770953703774

1383 pureshit the Bolt Thrower (level 8, -2/58 HPs)
             Began as a Formicid Arcane Marksman on Oct 22, 2020.
             Was an Initiate of Dithmenos.
             Shot with a sling bullet by Joseph (3 damage)
             ... on level 7 of the Dungeon.
             The game lasted 00:16:48 (8306 turns).

pureshit the Bolt Thrower (FoAM)                    Turns: 8306, Time: 00:16:49

Health: -2/58      AC: 11    Str: 17    XL:     8   Next: 99%
Magic:  9/9        EV:  3    Int: 19    God:    Dithmenos [......]
Gold:   288        SH:  9    Dex: 11    Spells: 8/9 levels left

rFire    . . .     SeeInvis +   b - +0 war axe
rCold    + . .     Faith    .   l - +0 kite shield
rNeg     + . .     Spirit   .   C - +0 plate armour
rPois    .         Reflect  .   (helmet unavailable)
rElec    +         Harm     .   w - scarf {repulsion}
rCorr    .         Rampage  .   (no gloves)
MR       .....                  (no boots)
Stlth    ..........             B - amulet of Doubts {Acrobat rElec rC+ rN+}
HPRegen  0.19/turn              u - +6 ring of intelligence
MPRegen  0.11/turn              r - ring of teleportation (curse)

@: lightly drained, repel missiles
A: permanent stasis, dig shafts and tunnels, four strong arms, antennae 3
a: Dig, Shaft Self, Renounce Religion


You were on level 7 of the Dungeon.
You worshipped Dithmenos.
Dithmenos was noncommittal.
You visited 2 branches of the dungeon, and saw 8 of its levels.

You collected 288 gold pieces.

Inventory:

Hand Weapons
 a - a +0 hand crossbow
 b - a +0 war axe (weapon)
 h - a +0 dagger
 q - a +1 short sword of freezing
Missiles
 d - 3 bolts
 t - 2 throwing nets (quivered)
Armour
 e - a +0 robe
 i - a +0 ring mail
 l - a +0 kite shield (worn)
 w - a scarf of repulsion (worn)
 C - a +0 plate armour (worn)
Jewellery
 f - an uncursed amulet of magic regeneration
 p - an uncursed ring of see invisible
 r - a cursed ring of teleportation (right hand)
 u - a +6 ring of intelligence (left hand)
 B - the amulet of Doubts (around neck) {Acrobat rElec rC+ rN+}
   (You found it on level 5 of the Dungeon)

   [amulet of the acrobat]

   It helps you evade while moving and waiting.
   It protects you from cold.
   It insulates you from electricity.
   It protects you from negative energy.
Wands
 z - a wand of iceblast (10)
Scrolls
 c - 3 scrolls of identify
 j - 3 scrolls of amnesia {unknown}
 m - 2 scrolls of enchant weapon {unknown}
 o - a scroll of immolation {unknown}
 s - a scroll of fog
 v - a scroll of magic mapping
 x - a scroll of teleportation {unknown}
 y - a scroll of random uselessness {unknown}
Potions
 g - a potion of curing
 n - a potion of magic
 A - 2 potions of might {unknown}


   Skills:
 + Level 3.1 Fighting
 * Level 6.3 Axes
 + Level 6.4 Crossbows
 - Level 3.0 Armour
 - Level 1.7 Dodging
 - Level 3.3(3.2) Shields
 - Level 1.1(1.0) Spellcasting
 - Level 3.6 Hexes


You had 8 spell levels left.
You knew the following spells:

 Your Spells              Type           Power        Failure   Level
a - Corona                Hex            ##.....      100%        1

Your spell library contained the following spells:

 Spells                   Type           Power        Failure   Level
 Ensorcelled Hibernation  Hex/Ice        #.....       100%        2
 Slow                     Hex            ##......     100%        2
 Confusing Touch          Hex            ##......     100%        3
 Dazzling Flash           Conj/Hex       #.....       100%        3
 Inner Flame              Hex/Fire       #.......     100%        3
 Portal Projectile        Hex/Tloc       #.....       100%        3
 Tukima's Dance           Hex            ##......     100%        3
 Cause Fear               Hex            ##........   100%        4
 Leda's Liquefaction      Hex/Erth       #.........   100%        4


Dungeon Overview and Level Annotations

Branches:
Dungeon (6/15)             Temple (1/1) D:6

Altars:
Ashenzari
Cheibriados
Dithmenos
Elyvilon
Fedhas
Gozag
Hepliaklqana
Makhleb
Nemelex Xobeh
Okawaru
Qazlal
Ru
Trog
Uskayaw
Vehumet
Wu Jian
Xom
Yredelemnul
Zin
The Shining One
Beogh

Annotations:
D:4 3 runed translucent doors, Copingsaw's ghost, novice FoFi
D:7 Joseph


Innate Abilities, Weirdness & Mutations

You cannot be hasted, slowed, berserked, paralysed or teleported.
You can dig through walls and to a lower floor.
Your four strong arms can wield two-handed weapons with a shield.
You have a pair of large antennae on your head. (SInv)


Message History

You slash the bullfrog!
The bullfrog is heavily wounded.
The bullfrog hits you but does no damage. x2
You closely miss the bullfrog.
The bullfrog is moderately wounded.
You block the bullfrog's attack.
Joseph, a Mercenary comes into view.
He is wielding a +0 quarterstaff and wearing a +2 leather armour of cold resistance.
The bullfrog hits you.
* * * LOW HITPOINT WARNING * * *
Joseph unwields a +0 quarterstaff.
Joseph wields a +2 vorpal hunting sling.
Joseph shoots a sling bullet.
You block the sling bullet.
Are you sure you want to shaft yourself?
The bullfrog hits you.
* * * LOW HITPOINT WARNING * * *
You begin to dig a shaft.
You continue digging a shaft.
The bullfrog hits you but does no damage.
Joseph shoots a sling bullet.
The sling bullet hits you!
* * * LOW HITPOINT WARNING * * *
You die...

# ##.## .#
#....@###..##!#
.......@F......
#..[#####......
# ###.#


You could see Joseph and a bullfrog.

Vanquished Creatures
  A water moccasin (D:6)
  2 ice beasts (D:6)
  2 ogres
  A big kobold (D:3)
  A gnoll sergeant (D:6)
  A scorpion (D:4)
  4 wights (D:6)
  2 howler monkeys (D:4)
  A quasit (D:6)
  A bullfrog zombie (D:5)
  A hound (D:5)
  An orc priest (D:5)
  A jelly (D:6)
  3 worker ants
  An iguana (D:5)
  Robin (D:2)
  2 howler monkey skeletons
  5 adders
  8 gnolls
  An ooze (D:2)
  An adder skeleton (D:4)
  2 worms
  2 dart slugs (D:1)
  4 leopard geckos
  3 orcs (D:5)
  A ball python (D:3)
  5 giant cockroaches
  16 goblins
  10 hobgoblins
  3 quokkas
  7 bats
  5 frilled lizards
  10 kobolds
  A quokka skeleton (D:5)
  7 rats
117 creatures vanquished.

Notes
Turn   | Place    | Note
-------+----------+-------------------------------------------
     0 | D:1      | pureshit the Formicid Arcane Marksman began the quest for
                  | the Orb.
     0 | D:1      | Reached XP level 1. HP: 15/15 MP: 2/2
   379 | D:1      | Reached XP level 2. HP: 20/21 MP: 3/3
  1139 | D:1      | Reached XP level 3. HP: 26/26 MP: 4/4
  1910 | D:2      | Reached XP level 4. HP: 30/32 MP: 5/5
  1946 | D:2      | Noticed Robin
  1959 | D:2      | Killed Robin
  1959 | D:2      | Reached skill level 1 in Shields
  2285 | D:2      | Found a hide-covered altar of Uskayaw.
  2365 | D:2      | You fall into a shaft and drop 2 floors!
  2375 | D:4      | Reached XP level 5. HP: 25/37 MP: 6/6
  2537 | D:4      | Reached skill level 5 in Crossbows
  2872 | D:3      | Reached XP level 6. HP: 27/43 MP: 7/7
  3359 | D:2      | Noticed a fire elemental
  3362 | D:2      | Found a stormy altar of Qazlal.
  3363 | D:2      | Noticed a water elemental
  3363 | D:2      | Noticed an air elemental
  3473 | D:2      | Reached skill level 1 in Axes
  3724 | D:3      | Found a faded altar of an unknown god.
  4066 | D:4      | Found a runed translucent gate.
  4066 | D:4      | Found a runed translucent gate.
  4067 | D:4      | Found a runed translucent gate.
  4067 | D:4      | Noticed Copingsaw's ghost (novice FoFi)
  4068 | D:4      | Identified the +3 plate armour "Dur Tum" {+Inv Str+3}
  4068 | D:4      | Noticed an orc warrior
  4069 | D:4      | Identified the +3 dagger of Fedhas's Hope {freeze, *Drain
                  | +Inv rElec rC+}
  4069 | D:4      | Identified the +2 leather armour of the Cicada {Int+4
                  | Slay+2}
  4070 | D:4      | Found a roughly hewn altar of Beogh.
  4490 | D:4      | Reached skill level 1 in Armour
  4490 | D:4      | Reached XP level 7. HP: 30/48 MP: 8/8
  4697 | D:5      | Entered Level 5 of the Dungeon
  6023 | D:5      | Got a shimmering ivory amulet
  6034 | D:5      | Identified the amulet of Doubts {Acrobat rElec rC+ rN+}
                  | (You found it on level 5 of the Dungeon)
  6680 | D:6      | Noticed a water moccasin
  6699 | D:6      | Killed a water moccasin
  6699 | D:6      | Reached XP level 8. HP: 54/54 MP: 9/9
  6832 | D:6      | Reached skill level 5 in Axes
  7180 | D:6      | Found a staircase to the Ecumenical Temple.
  7241 | Temple   | Entered the Ecumenical Temple
  7538 | Temple   | Became a worshipper of Dithmenos the Shadowed
  8284 | D:6      | Found a snail-covered altar of Cheibriados.
  8300 | D:6      | You fall into a shaft and drop 1 floor!
  8304 | D:7      | Noticed Joseph
  8306 | D:7      | HP: 1/58 [Joseph/sling bullet (12)]
  8306 | D:7      | Shot with a sling bullet by Joseph

Illustrated notes

Levels and vault maps discovered:
D:1:      dpeg_arrival_boxes_within_box, layout_loops_ring
D:2:      layout_basic, nicolae_qazlal_style_of_elements, marbit_many_paths,
          serial_glass, glass_columns_b, glass_columns_a, uniq_robin
D:3:      layout_loops_ring, chequers_ecumenical_altar_simple
D:4:      layout_loops_cross, biasface_ghost_orc_armoury
D:5:      layout_rooms, kennysheep_generic_room_6
D:6:      layout_basic, temple_pool_b, cheibriados_altar_1
D:7:      layout_loops_corners, lemuel_round_altar, lemuel_centaur_altar,
          uniq_duvessa, uniq_crazy_yiuf_cottage, uniq_joseph
Temple:   dpeg_five_rooms_temple

Skill      XL: |  1  2  3  4  5  6  7  8 |
---------------+-------------------------+-----
Crossbows      | 3 4 5 6 |  6.4
Shields        | 2 3 |  3.3
Axes           | 3 4 6 |  6.3
Armour         | 1 2 3 |  3.0
Fighting       | 3 |  3.1
Dodging        | |  1.7
Spellcasting   | |  1.1
Hexes          | |  3.6

Action                   |  1- 3 |  4- 6 |  7- 9 || total
-------------------------+-------+-------+-------++-------
Melee: Dagger            |    45 |       |       ||    45
       Short sword       |    80 |   183 |       ||   263
       War axe           |       |    13 |   221 ||   234
 Fire: Hand crossbow     |    12 |    20 |    66 ||    98
 Abil: Dig               |     1 |     1 |     1 ||     3
       Shaft Self        |       |       |     2 ||     2
  Use: Scroll            |       |     4 |     1 ||     5
       Potion            |       |       |     5 ||     5
 Stab: Sleeping          |     1 |       |       ||     1
Armor: Robe              |    12 |       |       ||    12
       Ring mail         |    18 |    63 |    18 ||    99
       Skin              |       |       |    49 ||    49
       Plate armour      |       |       |    66 ||    66
Dodge: Dodged            |    66 |    80 |    62 ||   208
       Repelled          |       |       |     1 ||     1
Block: Kite shield       |     5 |    75 |   129 ||   209

Table legend: (Time is in decaauts)
 A = Elapsed time spent in this place.
 B = Non-inter-level travel time spent in this place.
 C = Inter-level travel time spent in this place.
 D = Time resting spent in this place.
 E = Time spent auto-exploring this place.
 F = Levels seen in this place.
 G = Mean time per level.
                   A        B        C        D        E       F      G
               +--------+--------+--------+--------+--------+-----+--------+
         Total |   8444 |   8200 |    244 |   3624 |   3022 |   8 | 1055.5 |
       Dungeon |   8118 |   7952 |    166 |   3624 |   2776 |   7 | 1159.7 |
        Temple |    326 |    248 |     78 |      0 |    246 |   1 |  326.0 |
               +--------+--------+--------+--------+--------+-----+--------+

Top non-repeatable levels by time:
     D:4: 2036 daAuts
     D:1: 1537 daAuts
     D:6: 1377 daAuts
     D:2: 1207 daAuts
     D:5: 1137 daAuts
     D:3: 815 daAuts
  Temple: 326 daAuts
     D:7: 6 daAuts
